 Dungeon Crawl Stone Soup version 0.30-a0-881-g1ff12e1e11 (webtiles) character file.

Game seed: 11168870226058975580

247 dialectric the Covered (level 6, 0/38 HPs)
             Began as a Gargoyle Fighter on Mar 14, 2023.
             Slain by a scorpion (3 damage)
             ... on level 2 of the Dungeon.
             The game lasted 00:03:46 (2276 turns).

dialectric the Covered (Gargoyle Fighter)           Turns: 2276, Time: 00:03:47

Health: 0/38       AC: 13    Str: 19    XL:     6   Next: 11%
Magic:  6/6        EV: 10    Int:  9    God:
Gold:   123        SH:  0    Dex: 11    Spells: 5/5 levels left

rFire   . . .      SeeInvis .    p - +0 lajatang
rCold   . . .      Faith    .    (shield currently unavailable)
rNeg    + . .      Spirit   .    b - +0 scale mail
rPois   ∞          Reflect  .    s - +0 helmet
rElec   +          Rampage  .    (no cloak)
rCorr   .                        (no gloves)
Will    .....                    m - +0 pair of boots Stlth
                                 (no amulet)
HPRegen 0.26/turn                (no ring)
MPRegen 0.10/turn                (no ring)

@: mighty
A: sickness immunity, AC +4, negative energy resistance 1, electricity
resistance, torment resistance 1, petrification resistance, claws 1
a: no special abilities


You were on level 2 of the Dungeon.
You visited 1 branch of the dungeon, and saw 4 of its levels.

You collected 156 gold pieces.
You spent 33 gold pieces at shops.

Inventory:

Hand Weapons
 a - a +0 flail
 p - a +0 lajatang (weapon)
 w - a +0 morningstar
Armour
 b - a +0 scale mail (worn)
 c - a +0 buckler
 m - a +0 pair of boots (worn)
 s - a +0 helmet (worn)
 v - a +2 plate armour of fire resistance
Jewellery
 j - an amulet of magic regeneration
 n - an amulet of faith
Scrolls
 e - 3 scrolls of teleportation {unknown}
 f - 4 scrolls of identify {unknown}
 k - a scroll of noise {unknown}
 l - a scroll of poison {unknown}
 o - a scroll of magic mapping {unknown}
 t - a scroll of vulnerability {unknown}
Potions
 d - 2 potions of might
 h - 2 potions of mutation
 i - a potion of degeneration {unknown}
 q - 3 potions of lignification {unknown}
 r - a potion of berserk rage {unknown}
 u - a potion of magic {unknown}


   Skills:
 - Level 4.0 Fighting
 - Level 3.2(3.8) Maces & Flails
 * Level 2.9(3.6) Staves
 + Level 4.2 Armour
 * Level 1.7 Dodging
 + Level 0.1 Stealth
 - Level 3.2 Shields


You had 5 spell levels left.
You didn't know any spells.
Your spell library contained the following spells:

 Spells                   Type           Power      Damage    Failure   Level
 Blink                    Tloc           0%         N/A       87%         2
 Airstrike                Air            0%         2d(0-16)  100%        4
 Manifold Assault         Tloc           0%         N/A       100%        4
 Summon Lightning Spire   Summ/Air       0%         N/A       100%        4
 Lightning Bolt           Conj/Air       0%         1d11      100%        5
 Storm Form               Tmut/Air       0%         N/A       100%        7


Dungeon Overview and Level Annotations

Branches:
Dungeon (4/15)
 Temple: D:4-7

Altars:

Shops:
D:1 *(   D:2 ?   D:4 (


Innate Abilities, Weirdness & Mutations

You are immune to sickness and miasma.
Your stone body is resilient. (AC +4)
You are immune to poison.
You resist negative energy. (rN+)
You are resistant to electric shocks. (rElec)
You are resistant to unholy torment.
You are immune to petrification.
You have sharp fingernails.


Message History

You feel better. The scorpion stings you.
* * * LOW HITPOINT WARNING * * *
The orc priest hits you but does no damage.
The orc priest hits you but does no damage.
There is a stone staircase leading up here.
The scorpion misses you. The orc priest closely misses you.
The scorpion stings you but does no damage.
You climb upwards.
There is a stone staircase leading down here.
Unknown command.
You feel better.
The scorpion stings you but does no damage.
The orc priest hits you but does no damage.
You hit the orc priest.
The orc priest is severely wounded.
The scorpion stings you.
* * * LOW HITPOINT WARNING * * *
The orc priest barely misses you.
You barely miss the orc priest.
The orc priest is severely wounded.
The scorpion barely misses you.
The orc priest mumbles some strange prayers to Beogh against you.
You are unaffected.
The scorpion barely misses you.
Unknown command.
You feel very mighty all of a sudden.
The orc priest hits you but does no damage.
The scorpion barely misses you.
You feel better. The scorpion stings you. The orc priest closely misses you.
You barely miss the orc priest.
The orc priest is severely wounded.
The scorpion barely misses you.
The orc priest looks braver for a moment.
The scorpion stings you.
The orc priest calls down the wrath of Beogh upon you.
Beogh smites you!
* * * LOW HITPOINT WARNING * * *
You hit the orc priest but do no damage.
The orc priest is severely wounded.
The scorpion stings you.
You die...

####.#### #.# #.# ####.## #.#
#.### ......# ##'## #...#
......# ##.>.## ###.# .###..#
##.....## ### #.# .#....#
##.......## ##.###.#
.#....####.........####...##.#
.........+.....so..'.......#.#
.#...<####......@..####...##.#
......## ##.......## ##.###.#
##.....#####.....## ### #.#
#####.##.......## ####.#
#.##.####.## ##.##.# #.##.#
#.#########.....#
##.##.####.........##.####
#.#.....##.#######.##.#
##.##.#.#÷..## #.##.#


You could see a scorpion and an orc priest.

Vanquished Creatures
  A hound (D:3)
  Jessica (D:3)
  An iguana (D:2)
  An orc wizard (D:3)
  8 adders
  4 dart slugs
  5 orcs
  An endoplasm (D:2)
  2 giant cockroaches
  6 goblins
  6 hobgoblins
  3 jackals (D:1)
  3 quokkas
  5 ball pythons
  2 bats
  2 frilled lizards
  4 kobolds
  5 rats
60 creatures vanquished.

Notes
Turn   | Place    | Note
-------+----------+-------------------------------------------
     0 | D:1      | dialectric the Gargoyle Fighter began the quest for the
                  | Orb.
     0 | D:1      | Reached XP level 1. HP: 14/14 MP: 1/1
   138 | D:1      | Found Resonkus's Antique Weapon Shop.
   147 | D:1      | Reached XP level 2. HP: 15/19 MP: 2/2
   365 | D:1      | Found Tycacvi's General Store.
   373 | D:1      | Bought a potion of curing for 33 gold pieces
   445 | D:1      | Reached XP level 3. HP: 23/23 MP: 3/3
   866 | D:2      | Reached XP level 4. HP: 29/29 MP: 4/4
  1146 | D:2      | Found Felugetz's Magic Scroll Shop.
  1231 | D:2      | Reached skill level 1 in Dodging
  1636 | D:3      | Noticed Jessica
  1644 | D:3      | Killed Jessica
  1645 | D:3      | Reached XP level 5. HP: 29/33 MP: 5/5
  1735 | D:3      | Reached skill level 1 in Staves
  2157 | D:4      | Found Uluvoah's Weapon Emporium.
  2175 | D:3      | Reached XP level 6. HP: 26/38 MP: 6/6
  2264 | D:3      | Gained mutation: You have sharp fingernails. [potion of
                  | mutation]
  2276 | D:2      | Slain by a scorpion

Illustrated notes

Levels and vault maps discovered:
D:1:      scummos_arrival_simple_crosswalls, layout_basic, serial_shops, shop,
          nicolae_shop_advertising_works [nicolae_subvault_shop_adworks]
D:2:      layout_loops_corners, serial_shops, shop, nrook_mini_backslash
D:3:      layout_rooms, uniq_jessica
D:4:      layout_rooms, serial_shops, nicolae_square_shop

Skill      XL: |  1  2  3  4  5 |
---------------+----------------+-----
Maces & Flails | 3 |  3.2
Armour         | 4 |  4.2
Dodging        | 1 |  1.7
Fighting       | 4 |  4.0
Staves         | 2 |  2.9
Stealth        | |  0.1
Shields        | |  3.2

Action                     |  1- 3 |  4- 6 || total
---------------------------+-------+-------++-------
  Melee: Flail             |    90 |    29 ||   119
         Lajatang          |       |    82 ||    82
         Punch             |       |     1 ||     1
    Use: Potion            |       |     6 ||     6
 Armour: Scale mail        |    63 |   105 ||   168
  Dodge: Dodged            |    45 |   112 ||   157

Table legend: (Time is in decaauts)
 A = Elapsed time spent in this place.
 B = Non-inter-level travel time spent in this place.
 C = Inter-level travel time spent in this place.
 D = Time resting spent in this place.
 E = Time spent auto-exploring this place.
 F = Levels seen in this place.
 G = Mean time per level.
                   A        B        C        D        E       F      G
               +--------+--------+--------+--------+--------+-----+--------+
         Total |   2335 |   2225 |    110 |    124 |   1566 |   4 |  583.8 |
       Dungeon |   2335 |   2225 |    110 |    124 |   1566 |   4 |  583.8 |
               +--------+--------+--------+--------+--------+-----+--------+

Top non-repeatable levels by time:
     D:2: 1070 daAuts
     D:1: 631 daAuts
     D:3: 619 daAuts
     D:4: 14 daAuts
